 Dungeon Crawl Stone Soup version 0.23-a0-712-g3a644c0 (webtiles) character file.

8 Azzok the Firebug (level 2, 19/19 HPs)
             Began as a Demonspawn Fire Elementalist on Jan 15, 2019.
             Quit the game on level 1 of the Dungeon.
             The game lasted 00:00:29 (265 turns).

Azzok the Firebug (Demonspawn Fire Elementalist)     Turns: 265, Time: 00:00:31

Health: 19/19      AC:  2    Str:  8    XL:     2   Next: 0%
Magic:  0/5        EV: 12    Int: 16    God:
Gold:   13         SH:  0    Dex: 13    Spells: 4/5 levels left

rFire    . . .     SeeInvis .   h - +0 short sword
rCold    . . .     Gourm    .   (no shield)
rNeg     . . .     Faith    .   a - +0 robe
rPois    .         Spirit   .   (no helmet)
rElec    .         Reflect  .   (no cloak)
rCorr    .         Harm     .   (no gloves)
MR       .....                  (no boots)
Stlth    +++.......             (no amulet)
HPRegen  0.06/turn              (no ring)
MPRegen  0.09/turn              (no ring)

@: no status effects
A: nightstalker 1
a: no special abilities


You were on level 1 of the Dungeon.
You were not hungry.

You visited 1 branch of the dungeon, and saw 1 of its levels.

You collected 13 gold pieces.

Inventory:

Hand Weapons
 h - a +0 short sword (weapon)
Armour
 a - a +0 robe (worn)
Scrolls
 b - a scroll of remove curse {unknown}
 d - 2 scrolls of identify {unknown}
 e - a scroll of blinking {unknown}
Potions
 f - 2 potions of might {unknown}
Comestibles
 c - 2 rations
 g - 2 chunks of flesh


   Skills:
 - Level 1.7 Dodging
 - Level 1.7 Stealth
 + Level 2.2 Spellcasting
 + Level 1.4 Conjurations
 + Level 2.9 Fire Magic


You had 4 spell levels left.
You knew the following spells:

 Your Spells              Type           Power        Failure   Level  Hunger
a - Flame Tongue          Conj/Fire      #....        9%          1    #......

Your spell library contained the following spells:

 Spells                   Type           Power        Failure   Level  Hunger
 Throw Flame              Conj/Fire      #.....       13%         2    ###....
 Conjure Flame            Conj/Fire      #.......     26%         3    ###....
 Inner Flame              Hex/Fire       #.......     32%         3    ###....
 Sticky Flame             Conj/Fire      #.......     63%         4    #####..
 Fireball                 Conj/Fire      #.........   93%         5    ######.


Dungeon Overview and Level Annotations

Branches:
Dungeon (1/15)

Altars:


Innate Abilities, Weirdness & Mutations

You are slightly more attuned to the shadows.


Message History

The flame tongue hits the hobgoblin.
You kill the hobgoblin!
Casting: Flame Tongue (safe; 9% risk of failure)
Confirm with . or Enter, or press ? or * to list all spells.
You don't have enough magic to cast that spell.
Casting: Flame Tongue (safe; 9% risk of failure)
Confirm with . or Enter, or press ? or * to list all spells.
You don't have enough magic to cast that spell.
The hobgoblin closely misses you.
You see here a hobgoblin corpse.
You barely miss the hobgoblin. The hobgoblin closely misses you.
You hit the hobgoblin.
The hobgoblin is almost dead.
The hobgoblin closely misses you.
You hit the hobgoblin.
You kill the hobgoblin!
You have reached level 2!
Your demonic ancestry asserts itself...
You slip into the darkness of the dungeon.
Are you sure you want to abandon this character and quit the game? (Confirm with "yes".)

······· ▒▒▒▒···▒
·······▒▒▒ ▒···▒
·········▒ ▒···▒
···%·····▒
▒▒·▒▒▒▒▒▒▒▒
·······▒
▒········▒ ▒g···▒
▒▒▒▒▒▒▒▒·▒ ▒····▒
▒···▒ ▒▒▒▒)▒
▒·▒▒▒▒▒ ▒@▒
▒·▒····
▒·▒▒▒▒▒▒▒▒▒▒·▒·▒▒·
▒·▒·············▒·
▒·▒·▒▒▒▒▒▒▒▒·▒··▒·
▒···▒ ▒·▒▒▒▒·
▒▒▒▒▒ ▒▒▒▒▒▒·▒ ▒·
▒······▒ ▒·
▒·▒▒▒▒▒▒▒▒▒·
▒·▒▒········


There were no monsters in sight!

Vanquished Creatures
  A bat (D:1)
  2 goblins (D:1)
  2 hobgoblins (D:1)
  A kobold (D:1)
6 creatures vanquished.

Notes
Turn   | Place    | Note
-------+----------+-------------------------------------------
     0 | D:1      | Azzok the Demonspawn Fire Elementalist began the quest for
                  | the Orb.
     0 | D:1      | Reached XP level 1. HP: 13/13 MP: 3/3
   264 | D:1      | Gained mutation: You are slightly more attuned to the
                  | shadows. [demonic ancestry]
   264 | D:1      | Reached XP level 2. HP: 19/19 MP: 0/5
   265 | D:1      | Quit the game

Vault maps used:
D:1:      eino_arrival_druids_welcome, minmay_tromino_v4_b

Action                   || total
-------------------------++-------
Melee: Short sword       ||     6
 Cast: Flame Tongue      ||     8
Armor: Robe              ||     1
Dodge: Dodged            ||     9

Table legend:
 A = Non-vault XP
 B = Vault XP
 C = Vault XP percentage of total XP
 D = Non-vault monster count
 E = Vault monster count
 F = Vault count percentage of total count
                 A         B        C        D         E       F
            +---------+---------+-------+---------+---------+-------
      Total |      12 |       0 |   0.0 |       6 |       0 |   0.0
            +---------+---------+-------+---------+---------+-------
        D:1 |      12 |       0 |   0.0 |       6 |       0 |   0.0
            +---------+---------+-------+---------+---------+-------
